 Dungeon Crawl Stone Soup version 0.32-a0-35-gd9ff480968 (webtiles) character file.

Game seed: 9535315127269864421

18 hakon861 the Grave Robber (level 2, 0/19 HPs)
             Began as a Demonspawn Necromancer on Jan 18, 2024.
             Slain by a kobold
             ... wielding a +0 whip
              (3 damage)
             ... on level 2 of the Dungeon on Jan 29, 2024.
             The game lasted 00:07:42 (606 turns).

hakon861 the Grave Robber (Demonspawn Necromancer)   Turns: 606, Time: 00:07:43

Health: 0/19       AC:  8    Str:  8    XL:     2   Next: 51%
Magic:  5/5        EV: 12    Int: 15    God:
Gold:   29         SH:  0    Dex: 13    Spells: 4/5 levels left

rFire   . . .        (no weapon)
rCold   . . .        (no shield)
rNeg    . . .        a - +0 robe
rPois   .            (no helmet)
rElec   .            (no cloak)
rCorr   .            (no gloves)
SInv    .            (no boots)
Will    .....        (no amulet)
Stlth   ++           (no ring)
HPRegen 0.23/turn    (no ring)
MPRegen 0.09/turn

%: no passive effects
@: sanguine armoured
A: sanguine armour 1
a: no special abilities


You were on level 2 of the Dungeon.
You visited 1 branch of the dungeon, and saw 2 of its levels.

You collected 29 gold pieces.

Inventory:

Armour
 a - a +0 robe (worn)
 g - a +0 robe
Scrolls
 d - a scroll of teleportation {unknown}
 h - a scroll of revelation {unknown}
Potions
 b - a potion of magic
 c - a potion of might {unknown}
 e - a potion of degeneration {unknown}
 f - a potion of cancellation {unknown}


   Skills:
 + Level 2.0 Dodging
 + Level 1.9 Stealth
 + Level 2.3 Spellcasting
 + Level 4.8 Necromancy


You had 4 spell levels left.
You knew the following spells:

 Your Spells              Type           Power      Damage    Failure   Level
a - Necrotise             Necr           64%        1d7       3%          1

Your spell library contained the following spells:

 Spells                   Type           Power      Damage    Failure   Level
 Vampiric Draining        Necr           16%        2d7       9%          3
 Animate Dead             Necr           16%        N/A       30%         4
 Summon Ice Beast         Ice/Summ       1%         N/A       54%         3
 Curse of Agony           Necr           16%        N/A       63%         5
 Summon Mana Viper        Hex/Summ       1%         N/A       99%         5
 Monstrous Menagerie      Summ           0%         N/A       100%        7


Dungeon Overview and Level Annotations

Branches:
Dungeon (2/15)

Altars:


Innate Abilities, Weirdness & Mutations

When seriously injured, your blood forms armour. (AC +6)


Message History

* * * LOW HITPOINT WARNING * * *
The kobold barely misses you. The hobgoblin barely misses you.
The kobold hits you but does no damage. The hobgoblin barely misses you.
The kobold closely misses you. The hobgoblin misses you.
You barely miss the kobold. The hobgoblin barely misses you.
The kobold hits you but does no damage.
You hit the hobgoblin.
The hobgoblin is moderately wounded.
The kobold hits you but does no damage.
The hobgoblin hits you but does no damage.
The kobold attacks as it pursues you! The kobold hits you with a +0 whip.
* * * LOW HITPOINT WARNING * * *
You hit the kobold but do no damage. The hobgoblin closely misses you.
The kobold barely misses you. The kobold attacks as it pursues you!
The kobold barely misses you. The hobgoblin barely misses you.
The kobold hits you but does no damage. The kobold hits you but does no damage.
You hit the hobgoblin.
The hobgoblin is severely wounded.
The hobgoblin hits you.
* * * LOW HITPOINT WARNING * * *
The kobold misses you.
The hobgoblin attacks as it pursues you!
The hobgoblin hits you but does no damage.
The kobold hits you with a +0 whip.
* * * LOW HITPOINT WARNING * * *
The hobgoblin closely misses you. The kobold hits you but does no damage.
You hit the hobgoblin but do no damage.
The hobgoblin is severely wounded.
The kobold barely misses you. The hobgoblin misses you.
The kobold attacks as it pursues you! The kobold hits you but does no damage.
The hobgoblin attacks as it pursues you!
The hobgoblin closely misses you. The kobold closely misses you.
The hobgoblin closely misses you. The kobold closely misses you.
The hobgoblin attacks as it pursues you!
The hobgoblin barely misses you. The kobold hits you but does no damage.
The hobgoblin closely misses you. The kobold hits you with a +0 whip.
You die...

....## ### #..#.
.... #.... ....#
###.... ....#
#......########....#
..#............#
#.#............#
#.#...g.....####
#.....K@....#
##..........#
##..$......#
#.######### #..##
##..# ##.# #<# #.#


You could see a hobgoblin and a kobold.

Vanquished Creatures
  2 endoplasms (D:1)
  2 giant cockroaches (D:1)
  2 hobgoblins (D:1)
  2 ball pythons (D:1)
  3 frilled lizards (D:1)
  A kobold (D:1)
  2 rats (D:1)
14 creatures vanquished.

Vanquished Creatures (collateral kills)
  A ball python (D:1)
  2 goblins (D:1)
  A frilled lizard (D:1)
4 creatures vanquished.

Grand Total: 18 creatures vanquished

Notes
Turn   | Place    | Note
-------+----------+-------------------------------------------
     0 | D:1      | hakon861 the Demonspawn Necromancer began the quest for the
                  | Orb.
     0 | D:1      | Reached XP level 1. HP: 13/13 MP: 3/3
   157 | D:1      | Upgraded the game from 0.32-a0-22-g6ae6769602 to
                  | 0.32-a0-35-gd9ff480968
   183 | D:1      | Gained mutation: When seriously injured, your blood forms
                  | armour. (AC +6) [demonic ancestry]
   183 | D:1      | Reached XP level 2. HP: 19/19 MP: 0/5
   606 | D:2      | Slain by a kobold

Illustrated notes

Levels and vault maps discovered:
D:1:      nicolae_arrival_washed_ashore, layout_loops_ring,
          shapermc_ecumenical_altar_petra,
          nicolae_concentric_dashed_squares_mild, minmay_pentomino_w4
D:2:      minmay_chambers_of_twos, layout_basic, uniq_sigmund

Skill      XL: |  1  2 |
---------------+-------+-----
Dodging        | 2 |  2.0
Stealth        | |  1.9
Spellcasting   | |  2.3
Necromancy     | |  4.8

Action                     || total
---------------------------++-------
  Melee: Unarmed           ||    25
   Cast: Necrotise         ||    22
 Armour: Robe              ||    35
  Dodge: Dodged            ||    44

Table legend: (Time is in decaauts)
 A = Elapsed time spent in this place.
 B = Non-inter-level travel time spent in this place.
 C = Inter-level travel time spent in this place.
 D = Time resting spent in this place.
 E = Time spent auto-exploring this place.
 F = Levels seen in this place.
 G = Mean time per level.
                   A        B        C        D        E       F      G
               +--------+--------+--------+--------+--------+-----+--------+
         Total |    605 |    605 |      0 |     70 |    180 |   2 |  302.5 |
       Dungeon |    605 |    605 |      0 |     70 |    180 |   2 |  302.5 |
               +--------+--------+--------+--------+--------+-----+--------+

Top non-repeatable levels by time:
     D:1: 545 daAuts
     D:2: 60 daAuts
